SAA
IRVING BLUE SOX @ VIRGINIA BEACH DEUCES
09/03/2023
 
TOP OF THE 1ST
Irving Blue Sox batting - Pitching for Virginia Beach Deuces : LHP Travis Grant
Pitching: LHP Travis Grant
Batting: LHB Kyle James 0-0: Ball
1-0: Called Strike
1-1: Fly out, F6 (Line Drive, 6)
Batting: RHB Robbie Young 0-0: Fly out, F9 (Flyball, 9M)
Batting: RHB Jim Unknown 0-0: Ball
1-0: SINGLE (Line Drive, 78S)
Batting: RHB Rafael Delgado 0-0: Called Strike
0-1: Ball
1-1: Ball
2-1: Ball
3-1: Ground out 1-3 (Groundball, 34S)
Top of the 1st over - 0 run(s), 1 hit(s), 0 error(s), 1 left on base; Irving 0 - Virginia Beach 0
BOTTOM OF THE 1ST
Virginia Beach Deuces batting - Pitching for Irving Blue Sox : LHP Carlos Hernández
Pitching: LHP Carlos Hernández
Batting: RHB Elvis Larson 0-0: Ball
1-0: SINGLE (Flyball, 7LS)
Batting: RHB José Ramírez 0-0: Ball
1-0: Called Strike
1-1: Ball
2-1: SINGLE (Line Drive, 78M)
Elvis Larson to second
Batting: RHB Herman Cook 0-0: Ball
1-0: Fielders Choice at 2nd, 5-4 (Groundball, 56)
Elvis Larson to third
Batting: RHB Luis Jelarde 0-0: Ball
1-0: Ball
2-0: DOUBLE (Line Drive, 5L)
Elvis Larson scores
Herman Cook to third
Batting: LHB Raúl Aguirre 0-0: Ball
1-0: Foul Ball, location: 2F
1-1: Ball
2-1: Called Strike
2-2: Ball
3-2: SINGLE (Line Drive, 8RS)
Herman Cook scores
Luis Jelarde to third
Batting: LHB Jeff Rutherford 0-0: Ball
1-0: Ball
2-0: Called Strike
Raúl Aguirre steals 2nd base
2-1: Foul Ball, location: 2F
2-2: Ball
3-2: Fly out, F7 (Flyball, 78M)
Runner from 3rd tags up, SCORES, throw made
Batting: LHB Errol Levick 0-0: Ball
1-0: Foul Ball, location: 2F
1-1: Ball
2-1: Fly out, F8 (Line Drive, 8LD)
Bottom of the 1st over - 3 run(s), 4 hit(s), 0 error(s), 1 left on base; Irving 0 - Virginia Beach 3
TOP OF THE 2ND
Irving Blue Sox batting - Pitching for Virginia Beach Deuces : LHP Travis Grant
Batting: RHB Coy Poston 0-0: Ball
1-0: Foul Ball, location: 2F
1-1: Ball
2-1: Ball
3-1: Called Strike
3-2: Foul Ball, location: 2F
3-2: Foul Ball, location: 2F
3-2: Base on Balls
Batting: RHB Alfredo Chávez 0-0: Ball
1-0: Ground out 4-3 (Groundball, 4M)
Coy Poston to second
Batting: SHB Mauro Martínez 0-0: Ball
1-0: Ground out 5-3 (Groundball, 5D)
Batting: RHB Daniel Molina 0-0: Ball
1-0: Ball
2-0: Fly out, F7 (Flyball, 78M)
Top of the 2nd over - 0 run(s), 0 hit(s), 0 error(s), 1 left on base; Irving 0 - Virginia Beach 3
BOTTOM OF THE 2ND
Virginia Beach Deuces batting - Pitching for Irving Blue Sox : LHP Carlos Hernández
Batting: LHB Stephen Baird 0-0: Called Strike
0-1: Called Strike
0-2: Ball
1-2: Strikes out swinging
Batting: RHB Daniel Ruíz 0-0: Swinging Strike
0-1: SINGLE (Line Drive, 4MD)
Batting: RHB Elvis Larson 0-0: Ball
1-0: Called Strike
1-1: Ball
2-1: Foul Ball, location: 2F
2-2: Foul Ball, location: 2F
2-2: Ball
3-2: Base on Balls
Daniel Ruíz to second
Batting: RHB José Ramírez 0-0: Ball
1-0: Ball
2-0: Ball
Daniel Ruíz steals 3rd base
Elvis Larson to second
3-0: Called Strike
3-1: Swinging Strike
3-2: Strikes out swinging
Batting: RHB Herman Cook 0-0: Ball
1-0: Ball
2-0: Called Strike
2-1: Swinging Strike
2-2: Foul Ball, location: 2F
2-2: Foul Ball, location: 2F
2-2: SINGLE (Groundball, 5D)
Daniel Ruíz scores
Elvis Larson to third
Throwing error, E7
Elvis Larson scores
Herman Cook to second
Batting: RHB Luis Jelarde 0-0: Ball
1-0: Swinging Strike
1-1: Ball
2-1: Ball
Wild Pitch!
Herman Cook to third
3-1: Called Strike
3-2: Base on Balls
Batting: LHB Raúl Aguirre 0-0: Ball
1-0: Ball
2-0: Called Strike
2-1: Ground out U3 (Groundball, 3)
Bottom of the 2nd over - 2 run(s), 2 hit(s), 1 error(s), 2 left on base; Irving 0 - Virginia Beach 5
TOP OF THE 3RD
Irving Blue Sox batting - Pitching for Virginia Beach Deuces : LHP Travis Grant
Batting: SHB Arnold Cramer 0-0: Ball
1-0: Called Strike
1-1: Swinging Strike
1-2: Ball
2-2: Fly out, F9 (Line Drive, 9S)
Batting: LHB Kyle James 0-0: Ball
1-0: Swinging Strike
1-1: SINGLE (Line Drive, 89S)
Batting: RHB Robbie Young 0-0: Ball
1-0: Ball
2-0: Called Strike
2-1: Ball
3-1: Reached on error, E4 (Groundball, 4)
Kyle James to second
Batting: RHB Jim Unknown 0-0: Ball
1-0: SINGLE (Line Drive, 56D)
Kyle James to third
Robbie Young to second
Batting: RHB Rafael Delgado 0-0: Foul Ball, location: 2F
0-1: Called Strike
0-2: Ball
1-2: Fly out, F9 (Flyball, 89M)
Runner from 3rd tags up, SCORES, no throw
Batting: RHB Coy Poston 0-0: Ball
1-0: Foul Ball, location: 2F
1-1: Called Strike
1-2: Strikes out swinging
Top of the 3rd over - 1 run(s), 2 hit(s), 1 error(s), 2 left on base; Irving 1 - Virginia Beach 5
BOTTOM OF THE 3RD
Virginia Beach Deuces batting - Pitching for Irving Blue Sox : LHP Carlos Hernández
Batting: LHB Jeff Rutherford 0-0: SINGLE (Line Drive, 3D)
Batting: LHB Errol Levick 0-0: Called Strike
0-1: 2-RUN HOME RUN (Flyball, 9D), Distance : 372 ft
Pitching: RHP Paco Hernández
Batting: LHB Stephen Baird 0-0: Ball
1-0: Foul Ball, location: 2F
1-1: Ball
2-1: Fly out, F3 (Popup, 3F)
Batting: RHB Daniel Ruíz 0-0: Fly out, F7 (Flyball, 7M)
Batting: RHB Elvis Larson 0-0: Called Strike
0-1: Swinging Strike
0-2: Ball
1-2: Strikes out swinging
Bottom of the 3rd over - 2 run(s), 2 hit(s), 0 error(s), 0 left on base; Irving 1 - Virginia Beach 7
TOP OF THE 4TH
Irving Blue Sox batting - Pitching for Virginia Beach Deuces : LHP Travis Grant
Batting: RHB Alfredo Chávez 0-0: Foul Ball, location: 2F
0-1: Ball
1-1: SINGLE (Groundball, 4MD)
Batting: SHB Mauro Martínez 0-0: Ball
1-0: Ball
Pickoff Throw by Catcher to First - Out!
2-0: Called Strike
2-1: Swinging Strike
2-2: Foul Ball, location: 2F
2-2: Fly out, F5 (Popup, 25F)
Batting: RHB Daniel Molina 0-0: Ball
1-0: Called Strike
1-1: Bunted foul
1-2: Foul Ball, location: 2F
1-2: Ball
2-2: SINGLE (Flyball, 8LS)
Batting: SHB Arnold Cramer 0-0: Called Strike
0-1: Ball
1-1: Ball
2-1: Swinging Strike
2-2: Strikes out swinging
Top of the 4th over - 0 run(s), 2 hit(s), 0 error(s), 1 left on base; Irving 1 - Virginia Beach 7
BOTTOM OF THE 4TH
Virginia Beach Deuces batting - Pitching for Irving Blue Sox : RHP Paco Hernández
Batting: RHB José Ramírez 0-0: Called Strike
0-1: Swinging Strike
0-2: Foul Ball, location: 2F
0-2: Ball
1-2: Ball
2-2: SINGLE (Groundball, 6MD)
Batting: RHB Herman Cook 0-0: Ball
1-0: Ball
2-0: Called Strike
2-1: Foul Ball, location: 2F
2-2: Ball
3-2: Base on Balls
José Ramírez to second
Batting: RHB Luis Jelarde 0-0: Ball
1-0: Called Strike
1-1: Ball
2-1: Fly out, F7 (Flyball, 7M)
Batting: LHB Raúl Aguirre 0-0: Ball
1-0: Ball
2-0: Ball
3-0: Called Strike
3-1: Fly out, F9 (Flyball, 89XD)
Runner from 2nd tags up, SAFE at 3rd, no throw
Batting: LHB Jeff Rutherford 0-0: Called Strike
0-1: Ball
1-1: Ball
2-1: Ball
3-1: Fly out, F7 (Flyball, 78M)
Bottom of the 4th over - 0 run(s), 1 hit(s), 0 error(s), 2 left on base; Irving 1 - Virginia Beach 7
TOP OF THE 5TH
Irving Blue Sox batting - Pitching for Virginia Beach Deuces : LHP Travis Grant
Batting: LHB Kyle James 0-0: Fly out, F8 (Flyball, 8LS)
Batting: RHB Robbie Young 0-0: Ball
1-0: Ball
2-0: Foul Ball, location: 2F
2-1: Ground out 5-3 (Groundball, 5S)
Batting: RHB Jim Unknown 0-0: Foul Ball, location: 2F
0-1: Ball
1-1: Called Strike
1-2: Foul Ball, location: 2F
1-2: Ball
2-2: Ball
3-2: Strikes out looking
Top of the 5th over - 0 run(s), 0 hit(s), 0 error(s), 0 left on base; Irving 1 - Virginia Beach 7
BOTTOM OF THE 5TH
Virginia Beach Deuces batting - Pitching for Irving Blue Sox : RHP Paco Hernández
Batting: LHB Errol Levick 0-0: Ball
1-0: Ball
2-0: Ball
3-0: Base on Balls
Pitching: RHP Jim Meyer
Batting: LHB Stephen Baird 0-0: Foul Ball, location: 2F
0-1: Swinging Strike
0-2: Ball
1-2: Foul Ball, location: 2F
1-2: Foul Ball, location: 2F
1-2: Foul Ball, location: 2F
1-2: Ball
2-2: Strikes out looking
Batting: RHB Daniel Ruíz 0-0: Ball
1-0: Foul Ball, location: 2F
1-1: Ball
2-1: SINGLE (Line Drive, 4M)
Errol Levick to second
Batting: RHB Elvis Larson 0-0: Ball
1-0: Foul Ball, location: 2F
1-1: Ball
2-1: Ball
3-1: Foul Ball, location: 2F
3-2: Base on Balls
Errol Levick to third
Daniel Ruíz to second
Batting: RHB José Ramírez 0-0: Ball
1-0: Ball
2-0: Grounds into double play, 6-4-3 (Groundball, 6)
Bottom of the 5th over - 0 run(s), 1 hit(s), 0 error(s), 2 left on base; Irving 1 - Virginia Beach 7
TOP OF THE 6TH
Irving Blue Sox batting - Pitching for Virginia Beach Deuces : LHP Travis Grant
Batting: RHB Rafael Delgado 0-0: Foul Ball, location: 2F
0-1: Called Strike
0-2: Ball
1-2: Fly out, F8 (Flyball, 8RS)
Batting: RHB Coy Poston 0-0: Foul Ball, location: 2F
0-1: Fly out, F8 (Flyball, 8LM)
Batting: RHB Alfredo Chávez 0-0: Foul Ball, location: 2F
0-1: Ball
1-1: Called Strike
1-2: Strikes out swinging
Top of the 6th over - 0 run(s), 0 hit(s), 0 error(s), 0 left on base; Irving 1 - Virginia Beach 7
BOTTOM OF THE 6TH
Virginia Beach Deuces batting - Pitching for Irving Blue Sox : RHP Jim Meyer
Batting: RHB Herman Cook 0-0: Ground out 4-3 (Groundball, 4)
Batting: RHB Luis Jelarde 0-0: Swinging Strike
0-1: Foul Ball, location: 2F
0-2: Ball
1-2: Foul Ball, location: 2F
1-2: Strikes out swinging
Batting: LHB Raúl Aguirre 0-0: Called Strike
0-1: Swinging Strike
0-2: Ball
1-2: Ball
2-2: Ground out 4-3 (Groundball, 4)
Bottom of the 6th over - 0 run(s), 0 hit(s), 0 error(s), 0 left on base; Irving 1 - Virginia Beach 7
TOP OF THE 7TH
Irving Blue Sox batting - Pitching for Virginia Beach Deuces : LHP Travis Grant
Batting: SHB Mauro Martínez 0-0: Ground out 6-3 (Groundball, 6)
Batting: RHB Daniel Molina 0-0: Called Strike
0-1: Foul Ball, location: 2F
0-2: Ball
1-2: Strikes out swinging
Batting: SHB Arnold Cramer 0-0: Ball
1-0: Ball
2-0: Foul Ball, location: 2F
2-1: Ball
3-1: Base on Balls
Pitching: RHP Jim Unknown
Batting: LHB Kyle James 0-0: Fly out, F7 (Flyball, 8LS)
Top of the 7th over - 0 run(s), 0 hit(s), 0 error(s), 1 left on base; Irving 1 - Virginia Beach 7
BOTTOM OF THE 7TH
Virginia Beach Deuces batting - Pitching for Irving Blue Sox : RHP Jim Meyer
Pitching: LHP Gilberto Ramírez
Batting: LHB Jeff Rutherford 0-0: Ball
1-0: Called Strike
1-1: Called Strike
1-2: Strikes out swinging
Batting: LHB Errol Levick 0-0: Ball
1-0: Foul Ball, location: 2F
1-1: Ground out 4-3 (Groundball, 34)
Batting: LHB Stephen Baird 0-0: Ball
1-0: Fly out, F7 (Flyball, 7M)
Bottom of the 7th over - 0 run(s), 0 hit(s), 0 error(s), 0 left on base; Irving 1 - Virginia Beach 7
TOP OF THE 8TH
Irving Blue Sox batting - Pitching for Virginia Beach Deuces : RHP Jim Unknown
Batting: RHB Robbie Young 0-0: Ball
1-0: Ball
2-0: Called Strike
2-1: SINGLE (Groundball, 6MD)
Batting: RHB Jim Unknown 0-0: Ball
1-0: Ball
2-0: Foul Ball, location: 2F
2-1: Foul Ball, location: 2F
2-2: Foul Ball, location: 2F
2-2: Ball
3-2: Base on Balls
Robbie Young to second
Batting: RHB Rafael Delgado 0-0: Fielders Choice at 2nd, 6-4 (Groundball, 6)
Robbie Young to third
Batting: RHB Coy Poston 0-0: Ball
1-0: Fly out, F7 (Flyball, 78M)
Runner from 3rd tags up, SCORES, no throw
Batting: RHB Alfredo Chávez 0-0: Ball
1-0: Foul Ball, location: 2F
1-1: Ball
2-1: Ground out 1-3 (Groundball, 13)
Top of the 8th over - 1 run(s), 1 hit(s), 0 error(s), 1 left on base; Irving 2 - Virginia Beach 7
BOTTOM OF THE 8TH
Virginia Beach Deuces batting - Pitching for Irving Blue Sox : LHP Gilberto Ramírez
Batting: RHB Daniel Ruíz 0-0: Foul Ball, location: 2F
0-1: Swinging Strike
0-2: Foul Ball, location: 2F
0-2: Ball
1-2: Ball
2-2: Foul Ball, location: 2F
2-2: Strikes out looking
Batting: RHB Elvis Larson 0-0: Ball
1-0: Ball
2-0: Ball
3-0: Called Strike
3-1: Called Strike
3-2: Fly out, F7 (Flyball, 78D)
Batting: RHB José Ramírez 0-0: Fly out, F6 (Line Drive, 6)
Bottom of the 8th over - 0 run(s), 0 hit(s), 0 error(s), 0 left on base; Irving 2 - Virginia Beach 7
TOP OF THE 9TH
Irving Blue Sox batting - Pitching for Virginia Beach Deuces : RHP Jim Unknown
Pitching: RHP Lindsay Novak
Now at SS: Dana Akers
Batting: SHB Mauro Martínez 0-0: Ball
1-0: SINGLE (Line Drive, 89S)
Batting: RHB Daniel Molina 0-0: Ball
1-0: Foul Ball, location: 2F
1-1: Swinging Strike
1-2: Grounds into double play, 6-4-3 (Groundball, 6)
Batting: SHB Arnold Cramer 0-0: Called Strike
0-1: Ball
1-1: Swinging Strike
1-2: SINGLE (Line Drive, 7S)
Batting: LHB Kyle James 0-0: Ball
1-0: Foul Ball, location: 2F
1-1: Swinging Strike
1-2: Ball
2-2: Strikes out swinging
Top of the 9th over - 0 run(s), 2 hit(s), 0 error(s), 1 left on base; Irving 2 - Virginia Beach 7
This league is powered by Out of the Park Baseball, the baseball management simulation game for PC, Mac and Linux
Friday, July 8th, 2016 - OOTP Baseball 16.9 Build 39